 Dungeon Crawl Stone Soup version 0.25-a0-855-g681bda5bb4 (webtiles) character file.

Game seed: 295322698473524819, levelgen mode: deterministic

12641 Conn the Thaumaturge (level 11, -3/67 HPs)
             Began as an Octopode Wizard on Apr 26, 2020.
             Was a Priest of Sif Muna.
             Slain by a troll (19 damage)
             ... on level 2 of the Orcish Mines.
             The game lasted 01:27:15 (17500 turns).

Conn the Thaumaturge (Octopode Wizard)             Turns: 17500, Time: 01:27:16

Health: -3/67      AC:  4    Str:  7    XL:     11   Next: 96%
Magic:  17/25      EV: 15    Int: 26    God:    Sif Muna [***...]
Gold:   1259       SH:  0    Dex: 11    Spells: 1/31 levels left

rFire    + . .     SeeInvis .   a - +6 mace "Marhion" {vorpal, rF+}
rCold    + . .     Gourm    .   (no shield)
rNeg     . . .     Faith    .   w - +2 hat
rPois    .         Spirit   .   o - amulet of the acrobat
rElec    .         Reflect  .   r - +1 ring of protection
rCorr    .         Harm     .   e - ring of protection from cold
MR       .....                  v - +3 ring of intelligence
Stlth    ++++......             (no ring)
HPRegen  0.21/turn              (no ring)
MPRegen  0.19/turn              (no ring)
                                (no ring)
                                (no ring)

@: very slightly contaminated
A: almost no armour, stealthy swim, amphibious, 8 rings, constrict 8, camouflage
1, gelatinous body 1
a: Channel Magic, Forget Spell, Renounce Religion


You were on level 2 of the Orcish Mines.
You worshipped Sif Muna.
Sif Muna was most pleased with you.
You were not hungry.

You visited 3 branches of the dungeon, and saw 13 of its levels.

You collected 1259 gold pieces.

Inventory:

Hand Weapons
 a - the +6 mace "Marhion" (weapon) {vorpal, rF+}
   (You found it on level 7 of the Dungeon)

   It inflicts extra damage upon your enemies.
   It protects you from fire.
 h - a +0 short sword
 s - a +0 dagger of venom
 x - the +8 flail of Malaise {venom, rN++}
   (You found it on level 10 of the Dungeon)

   It poisons the flesh of those it strikes.
   It greatly protects you from negative energy.
 A - a +3 dagger of protection
Missiles
 k - 180 arrows
 E - 9 curare-tipped darts (quivered)
Armour
 w - a +2 hat (worn)
 y - a +0 buckler
Magical Staves
 b - an uncursed staff of conjuration
Jewellery
 e - a ring of protection from cold (right tentacle)
 o - an amulet of the acrobat (around mantle)
 r - a +1 ring of protection (left tentacle)
 v - a +3 ring of intelligence (on tentacle)
Wands
 j - a wand of paralysis (33)
 t - a wand of random effects (24)
 B - a wand of disintegration (4)
 D - a wand of flame (29)
Scrolls
 d - 6 scrolls of remove curse
 g - 5 scrolls of magic mapping
 l - 2 scrolls of fog
 m - 10 scrolls of identify
 p - 2 scrolls of immolation
 C - 2 scrolls of teleportation
Potions
 f - a potion of flight
 n - a potion of might
 q - a potion of heal wounds
 u - 2 potions of stabbing
 z - 6 potions of brilliance
 F - 2 potions of curing
Comestibles
 c - 22 rations
 i - 13 chunks of flesh


   Skills:
 + Level 3.1 Fighting
 + Level 3.5 Short Blades
 + Level 3.5 Maces & Flails
 + Level 0.3(2.2) Staves
 + Level 0.2 Throwing
 + Level 4.5 Dodging
 - Level 7.0 Stealth
 * Level 10.5 Spellcasting
 * Level 6.3 Conjurations
 + Level 2.4 Summonings
 + Level 4.9 Translocations
 + Level 0.7 Transmutations
 + Level 0.6 Fire Magic
 - Level 6.0 Air Magic
 * Level 3.6 Earth Magic
 + Level 4.1 Poison Magic
 + Level 4.1 Invocations
 + Level 0.4 Evocations


You had one spell level left.
You knew the following spells:

 Your Spells              Type           Power        Failure   Level  Hunger
a - Magic Dart            Conj           ####         1%          1    None
b - Blink                 Tloc           N/A          1%          2    None
c - Call Imp              Summ           ####....     2%          2    None
d - Conjure Flame         Conj/Fire      ####....     3%          3    None
e - Mephitic Cloud        Conj/Pois/Air  #####...     1%          3    None
f - Sticks to Snakes      Tmut           ###.....     4%          2    None
g - Airstrike             Air            #####.....   3%          4    None
h - Stone Arrow           Conj/Erth      #####.       1%          3    None
i - Lightning Bolt        Conj/Air       #####.....   10%         5    ####...
j - Lee's Rapid Deconstr  Erth           ####......   26%         5    ####...

Your spell library contained the following spells:

 Spells                   Type           Power        Failure   Level  Hunger
 Sandblast                Erth           ####..       1%          1    None
 Shock                    Conj/Air       ####         1%          1    None
 Beastly Appendage        Tmut           ###...       3%          1    None
 Swiftness                Chrm/Air       ####....     1%          2    None
 Gell's Gravitas          Tloc           #####.....   1%          3    None
 Static Discharge         Conj/Air       #####...     1%          3    None
 Passwall                 Tmut/Erth      ####....     2%          2    None
 Spider Form              Tmut/Pois      ####......   4%          3    None
 Slow                     Hex            ##......     7%          2    None
 Confusing Touch          Hex            ##......     13%         3    None
 Petrify                  Tmut/Erth      ####....     19%         4    None
 Ice Form                 Ice/Tmut       ###.....     36%         4    None
 Blade Hands              Tmut           ###.......   65%         5    ####...
 Yara's Violent Unravell  Hex/Tmut       ###.......   71%         5    ####...
 Metabolic Englaciation   Hex/Ice        ##........   77%         5    ####...


Dungeon Overview and Level Annotations

Branches:
Dungeon (10/15)            Temple (0/1) D:4            Lair (1/6) D:8
    Orc (2/2) D:9             Elf (0/3) Orc:2

Altars:
Ashenzari
Cheibriados
Fedhas
Gozag
Hepliaklqana
Kikubaaqudgha
Makhleb
Okawaru
Sif Muna
Trog
Vehumet
Wu Jian
Zin


Innate Abilities, Weirdness & Mutations

You cannot wear most types of armour.
You are very stealthy in the water. (Stealth+)
You are amphibious.
You can wear up to eight rings at the same time.
You can use your tentacles to constrict eight enemies at once.
Your skin changes colour to match your surroundings (Stealth+).
Your rubbery body absorbs attacks. (AC +1, EV +1)


Message History

The troll is engulfed in noxious fumes.
The troll appears confused.
The orc priest barely misses you.
Unknown command.
Unknown command.
The troll is engulfed in noxious fumes.
Unknown command.
a - the +6 mace "Marhion" (weapon)
{vorpal, rF+} Unknown command.
You hit the troll.
The troll is lightly wounded.
The troll says, "I'm a little confused."
The troll closely misses you. The troll claws you!
* * * LOW HITPOINT WARNING * * *
The troll closely misses you.
Unknown command.
You hit the troll.
You squeeze the troll, but do no damage.
The troll is lightly wounded.
The troll seems less confused.
The troll bites you!!
You die...

##.##...#.........
#......#....#<....
##.#.......##.....
##....##.........
##.##...<.......
###...)).###...
####.......##.#.
##..○..o........
#$..○☼T@........#
##..°°..........#
###.##..$#......
#####...####.#
##.## ## ##


You could see a troll and an orc priest (confused).

Vanquished Creatures
  An ettin (Orc:2)
  Erolcha (D:10)
  A two-headed ogre (D:8)
  4 orc sorcerers
  The ghost of Thargor the Digger, a novice GnEE of Vehumet (D:6)
  Maurice (Orc:2)
  Psyche (D:9)
  A queen bee (D:10)
  A troll (Orc:2)
  A hippogriff (D:10)
  Sigmund (D:4)
  4 yaks
  Grum (D:8)
  A hungry ghost (D:9)
  A basilisk (D:8)
  Menkaure (D:4)
  3 wargs
  4 porcupines (D:8)
  2 ice beasts
  8 orc warriors
  A sky beast (D:9)
  6 phantoms
  2 black bears
  A necrophage (D:7)
  2 wolves (D:8)
  4 ogres
  2 centaurs
  3 crocodiles
  5 bullfrogs
  2 scorpions
  A troll zombie (D:9)
  20 killer bees
  An electric eel (D:6)
  3 howler monkeys
  5 crimson imps
  2 bullfrog zombies
  A quasit (D:7)
  6 orc priests
  2 hounds
  A jelly (D:10)
  8 orc wizards
  2 iguanas
  5 worker ants
  A killer bee zombie (D:7)
  5 ogre zombies (D:9)
  2 worker ant zombies
  4 gnolls (D:10)
  10 adders
  3 shadow imps
  An ooze (D:1)
  4 adder skeletons
  2 dart slugs
  2 leopard geckos
  32 orcs
  3 bats
  A bat zombie (D:2)
  6 giant cockroaches
  12 goblins
  5 hobgoblins
  10 jackals
  4 kobolds
  5 quokkas
  A ball python (D:2)
  4 frilled lizards
  5 goblin zombies (D:9)
  2 hobgoblin zombies (D:9)
  A leopard gecko zombie (D:5)
  3 orc skeletons (D:9)
  9 orc zombies (D:9)
  10 rats
  2 rat zombies (D:2)
273 creatures vanquished.

Vanquished Creatures (collateral kills)
  A yak (D:8)
  A water moccasin (D:6)
  A wolf (D:7)
  A crocodile (D:8)
  A killer bee (D:10)
  A crimson imp (D:6)
  A hound (D:5)
  2 orc wizards
  3 adders (D:2)
  A worm (D:5)
  An orc (D:10)
  A kobold (D:2)
15 creatures vanquished.

Vanquished Creatures (others)
  An orc warrior (Orc:2)
  A fungus (D:8)
  3 plants (D:8)
5 creatures vanquished.

Grand Total: 293 creatures vanquished

Notes
Turn   | Place    | Note
-------+----------+-------------------------------------------
     0 | D:1      | Conn the Octopode Wizard began the quest for the Orb.
     0 | D:1      | Reached XP level 1. HP: 11/11 MP: 4/4
   309 | D:1      | Reached XP level 2. HP: 17/17 MP: 3/6
   341 | D:1      | Learned a level 2 spell: Blink
   344 | D:1      | Learned a level 2 spell: Call Imp
   858 | D:1      | You fall into a shaft and drop 1 floor!
  1279 | D:2      | Reached XP level 3. HP: 20/21 MP: 8/8
  1456 | D:2      | Found a burning altar of Makhleb.
  1578 | D:2      | Learned a level 3 spell: Conjure Flame
  1793 | D:2      | Reached XP level 4. HP: 27/27 MP: 4/9
  2007 | D:2      | Found an ancient bone altar of Kikubaaqudgha.
  2615 | D:3      | Reached skill level 4 in Spellcasting
  3492 | D:4      | Reached XP level 5. HP: 31/31 MP: 9/11
  3675 | D:4      | Noticed Sigmund
  3681 | D:4      | Learned a level 3 spell: Mephitic Cloud
  3690 | D:4      | Killed Sigmund
  3690 | D:4      | Reached XP level 6. HP: 26/37 MP: 8/12
  4036 | D:4      | Found a hazy altar of Hepliaklqana.
  4042 | D:4      | Found a shattered altar of Ashenzari.
  4048 | D:4      | Found an ornate altar of the Wu Jian Council.
  4165 | D:4      | Noticed Menkaure
  4219 | D:5      | Entered Level 5 of the Dungeon
  4551 | D:5      | Learned a level 2 spell: Sticks to Snakes
  4681 | D:5      | Reached XP level 7. HP: 42/42 MP: 4/13
  5001 | D:5      | Found a snail-covered altar of Cheibriados.
  5105 | D:6      | Reached skill level 1 in Fighting
  5341 | D:6      | Reached skill level 1 in Poison Magic
  5341 | D:6      | Reached XP level 8. HP: 50/50 MP: 11/15
  5343 | D:6      | Reached skill level 5 in Spellcasting
  5785 | D:6      | Found a large runed translucent door.
  5785 | D:6      | Found a large runed translucent door.
  5789 | D:6      | Noticed Thargor's ghost (novice GnEE)
  6243 | D:7      | Reached skill level 5 in Stealth
  6806 | D:6      | Learned a level 4 spell: Airstrike
  6841 | D:6      | Found a blossoming altar of Fedhas.
  7032 | D:7      | Reached XP level 9. HP: 22/54 MP: 10/17
  7250 | D:7      | Found a radiant altar of Vehumet.
  7262 | D:7      | Reached skill level 6 in Spellcasting
  7297 | D:7      | Reached skill level 1 in Air Magic
  7434 | D:7      | Got a pitted mace
  7435 | D:7      | Identified the +6 mace "Marhion" {vorpal, rF+} (You found
                  | it on level 7 of the Dungeon)
  7654 | D:7      | Learned a level 3 spell: Stone Arrow
  8195 | D:7      | Found a bloodstained altar of Trog.
  8216 | D:7      | Found a faded altar of an unknown god.
  8216 | D:7      | Found a faded altar of an unknown god.
  8222 | D:7      | Found an opulent altar of Gozag.
  8224 | D:7      | Found a shimmering blue altar of Sif Muna.
  8225 | D:7      | Found an iron altar of Okawaru.
  8229 | D:7      | Became a worshipper of Sif Muna the Loreminder
  8490 | D:8      | Reached skill level 1 in Invocations
  8540 | D:8      | Noticed Grum
  8893 | D:9      | Reached skill level 1 in Maces & Flails
  9030 | D:8      | Noticed a two-headed ogre
  9066 | D:8      | Killed a two-headed ogre
  9066 | D:8      | Reached skill level 7 in Spellcasting
  9303 | D:8      | Reached XP level 10. HP: 60/60 MP: 8/21
  9571 | D:8      | Reached skill level 8 in Spellcasting
  9731 | D:8      | Found a staircase to the Lair.
  9922 | D:8      | Killed Grum
 10282 | D:9      | Found Paseore's Food Shoppe.
 10479 | D:9      | Reached skill level 5 in Conjurations
 10614 | D:9      | Reached * piety under Sif Muna
 10940 | D:9      | Found a staircase to the Orcish Mines.
 11228 | D:9      | Noticed Psyche
 11233 | D:9      | Killed Psyche
 12052 | D:10     | Entered Level 10 of the Dungeon
 12081 | D:10     | Got a warped flail
 12091 | D:10     | Reached skill level 9 in Spellcasting
 12391 | D:10     | Noticed Erolcha
 12603 | D:10     | Reached ** piety under Sif Muna
 12700 | D:10     | Identified the +8 flail of Malaise {venom, rN++} (You found
                  | it on level 10 of the Dungeon)
 12854 | D:10     | Reached skill level 1 in Earth Magic
 12878 | D:10     | Killed Erolcha
 12878 | D:10     | Reached XP level 11. HP: 40/66 MP: 19/24
 13210 | D:10     | Reached skill level 5 in Air Magic
 14149 | D:6      | Killed Thargor's ghost
 14665 | D:4      | Killed Menkaure
 14833 | D:4      | Found a staircase to the Ecumenical Temple.
 14895 | D:4      | Found a glowing silver altar of Zin.
 15123 | Lair:1   | Entered Level 1 of the Lair of Beasts
 15164 | Orc:1    | Entered Level 1 of the Orcish Mines
 15362 | Orc:1    | Noticed an orc sorcerer
 15400 | D:9      | Reached *** piety under Sif Muna
 15527 | Orc:1    | Killed an orc sorcerer
 16069 | Orc:1    | Noticed an orc sorcerer
 16084 | Orc:1    | Killed an orc sorcerer
 16084 | Orc:1    | Reached skill level 10 in Spellcasting
 16109 | Orc:1    | Learned a level 5 spell: Lightning Bolt
 16115 | Orc:1    | Learned a level 5 spell: Lee's Rapid Deconstruction
 16262 | Orc:2    | Entered Level 2 of the Orcish Mines
 16269 | Orc:2    | Noticed an orc sorcerer
 16277 | Orc:2    | Killed an orc sorcerer
 16506 | Orc:2    | Found a staircase to the Elven Halls.
 16567 | Orc:2    | Noticed an orc sorcerer
 16577 | Orc:2    | Killed an orc sorcerer
 16593 | Orc:2    | Noticed an ettin
 16975 | Orc:2    | Killed an ettin
 17133 | Orc:2    | Noticed an orc high priest
 17147 | Orc:2    | Noticed an orc sorcerer
 17423 | Orc:2    | Noticed Maurice
 17437 | Orc:2    | Killed Maurice
 17500 | Orc:2    | Slain by a troll

Levels and vault maps discovered:
D:1:      lightli_arrival_chessboard, layout_basic, minmay_pentomino_p2
D:2:      layout_loops_ring, lemuel_zombie_altar_kikubaaqudgha, first_ration,
          chequers_serial_rivers_micro_a, chequers_serial_rivers_micro_e,
          bloody_makhleb
D:3:      layout_loops_corners
D:4:      layout_basic, lemuel_crystal_altar, nicolae_overflow_hidden_temple,
          minmay_temple_entry_offerings, uniq_menkaure, uniq_sigmund
D:5:      layout_basic, kennysheep_mini_moat
D:6:      wad_river_or_something, layout_basic, fedhas_altar_2,
          ebering_ghost_disaster_area, nrook_mini_backslash
D:7:      kennysheep_six_static_rooms, layout_basic, bloody_trog,
          vehumet_crystals, chequers_temple_overflow_minitemple
D:8:      layout_basic, minmay_lair_entry_grove, uniq_grum
D:9:      layout_loops_ring, zombieorc1_lemuel, serial_shops, shop, uniq_psyche
D:10:     layout_cave_pods, david_nohive_1, uniq_erolcha
Lair:1:   layout_chaotic_city, uniq_maggie
Orc:1:    layout_diamond_mine
Orc:2:    grunt_orc_tribal_feast, layout_caves, uniq_maurice

Skill      XL: |  1  2  3  4  5  6  7  8  9 10 11 |
---------------+----------------------------------+-----
Conjurations   | 2 3 4 5 6 |  6.3
Spellcasting   | 4 5 7 9 10 | 10.5
Stealth        | 3 4 5 6 7 |  7.0
Short Blades   | 2 3 |  3.5
Translocations | 2 3 4 |  4.9
Fighting       | 1 2 3 |  3.1
Dodging        | 3 4 |  4.5
Poison Magic   | 1 3 4 |  4.1
Air Magic      | 3 4 6 |  6.0
Invocations    | 3 4 |  4.1
Summonings     | 2 |  2.4
Maces & Flails | 2 3 |  3.5
Earth Magic    | 1 3 |  3.6
Staves         | |  0.3
Throwing       | |  0.2
Transmutations | |  0.7
Fire Magic     | |  0.6
Evocations     | |  0.4

Action                   |  1- 3 |  4- 6 |  7- 9 | 10-12 || total
-------------------------+-------+-------+-------+-------++-------
Melee: Unarmed           |     7 |       |       |       ||     7
       Constrict         |     7 |    11 |    24 |    52 ||    94
       Tentacles         |     5 |    13 |    33 |    37 ||    88
       Short sword       |    28 |    29 |       |       ||    57
       Dagger            |       |    42 |   152 |     3 ||   197
       Mace              |       |       |    48 |   201 ||   249
       Staff             |       |       |       |    42 ||    42
Throw: Dart              |       |       |       |     7 ||     7
 Cast: Magic Dart        |    45 |    81 |   105 |   297 ||   528
       Call Imp          |     4 |     5 |    28 |     4 ||    41
       Mephitic Cloud    |       |     2 |    23 |    71 ||    96
       Conjure Flame     |       |     1 |     6 |    12 ||    19
       Sticks to Snakes  |       |       |     4 |     6 ||    10
       Blink             |       |       |     5 |    17 ||    22
       Stone Arrow       |       |       |       |    13 ||    13
       Airstrike         |       |       |       |     9 ||     9
       Lightning Bolt    |       |       |       |     1 ||     1
Evoke: Wand              |       |       |     3 |     1 ||     4
  Use: Scroll            |     2 |     7 |     1 |     9 ||    19
       Potion            |       |     3 |     1 |     9 ||    13
 Stab: Sleeping          |     3 |     5 |    10 |     1 ||    19
       Confused          |       |     3 |     7 |    17 ||    27
  Eat: Chunk             |     3 |     8 |    11 |    16 ||    38
       Ration            |       |       |     1 |     4 ||     5
Armor: Skin              |     2 |     8 |    41 |    28 ||    79
Dodge: Dodged            |    33 |    47 |   129 |   214 ||   423

Table legend:
 A = Non-vault XP
 B = Vault XP
 C = Vault XP percentage of total XP
 D = Non-vault monster count
 E = Vault monster count
 F = Vault count percentage of total count
                 A         B        C        D         E       F
            +---------+---------+-------+---------+---------+-------
      Total |   11156 |    6903 |  38.2 |     207 |      82 |  28.4
            +---------+---------+-------+---------+---------+-------
        D:1 |      25 |       3 |  10.7 |      11 |       2 |  15.4
        D:2 |      74 |       4 |   5.1 |      27 |       3 |  10.0
        D:3 |      36 |       0 |   0.0 |      14 |       0 |   0.0
        D:4 |     293 |     403 |  57.9 |      15 |       2 |  11.8
        D:5 |     222 |       0 |   0.0 |       9 |       0 |   0.0
        D:6 |     796 |     802 |  50.2 |      12 |       9 |  42.9
        D:7 |    1127 |     254 |  18.4 |      29 |       4 |  12.1
        D:8 |     963 |    1967 |  67.1 |       4 |      15 |  78.9
        D:9 |     808 |    1369 |  62.9 |      13 |      31 |  70.5
       D:10 |    1504 |    1707 |  53.2 |      34 |      15 |  30.6
      Orc:1 |    2000 |       0 |   0.0 |      16 |       0 |   0.0
      Orc:2 |    3308 |     394 |  10.6 |      23 |       1 |   4.2
            +---------+---------+-------+---------+---------+-------
